 Dungeon Crawl Stone Soup version 0.29-a0-557-g43b9904 (webtiles) character file.

Game seed: 12048250305666244908

2422 Illumine the Cleaver (level 9, -1/72 HPs)
             Began as a Formicid Artificer on June 8, 2022.
             Was an Initiate of Gozag.
             Killed from afar by a steam dragon (24 damage)
             ... with a ball of steam
             ... on level 7 of the Dungeon.
             The game lasted 00:17:52 (10879 turns).

Illumine the Cleaver (Formicid Artificer)          Turns: 10879, Time: 00:17:53

Health: -1/72      AC: 12    Str: 21    XL:     9   Next: 76%
Magic:  9/9        EV:  8    Int: 11    God:    Gozag
Gold:   301        SH:  0    Dex: 11    Spells: 8/8 levels left

rFire   . . .      SeeInvis +   q - +0 war axe
rCold   . . .      Faith    .   (no shield)
rNeg    . . .      Spirit   .   C - +0 chain mail
rPois   .          Reflect  .   (helmet unavailable)
rElec   .          Harm     .   w - +0 cloak
rCorr   .          Rampage  .   n - +0 pair of gloves
Will    .....                   (no boots)
Stlth   ..........              (no amulet)
HPRegen 0.22/turn               (no ring)
MPRegen 0.11/turn               (no ring)

@: no status effects
A: permanent stasis, dig shafts and tunnels, antennae 3, four strong arms
a: Dig, Shaft Self, Renounce Religion, Potion Petition, Call Merchant, Bribe
Branch


You were on level 7 of the Dungeon.
You worshipped Gozag.
Gozag was aware of your devotion.
You visited 1 branch of the dungeon, and saw 7 of its levels.

You collected 1143 gold pieces.
You spent 40 gold pieces at shops.
You paid 802 gold pieces to Gozag.

Inventory:

Hand Weapons
 a - a +0 club
 g - a +0 hand axe
 q - a +0 war axe (weapon)
 t - a +2 hand axe
Missiles
 r - a throwing net
 u - 66 stones
Armour
 b - a +0 leather armour
 n - a +0 pair of gloves (worn)
 w - a +0 cloak (worn)
 C - a +0 chain mail (worn)
Jewellery
 x - a ring of flight
Wands
 d - a wand of charming (7)
Scrolls
 c - a scroll of enchant weapon {unknown}
 i - a scroll of fog
 j - a scroll of magic mapping
 k - a scroll of blinking {unknown}
 o - a scroll of torment {unknown}
 p - 2 scrolls of immolation
 y - 2 scrolls of enchant armour
 E - a scroll of poison {unknown}
Potions
 e - a potion of magic {unknown}
 f - 3 potions of curing
 h - 5 potions of attraction
 l - a potion of flight {unknown}
 m - a potion of haste {unknown}
 s - 2 potions of mutation
 v - a potion of lignification {unknown}
 z - a potion of cancellation {unknown}
 A - a potion of might {unknown}
 B - a potion of resistance
 D - a potion of berserk rage {unknown}


   Skills:
 + Level 7.4 Fighting
 + Level 8.8 Axes
 + Level 5.9 Armour
 - Level 0.8 Dodging
 - Level 1.2 Stealth
 - Level 4.0 Evocations


You had 8 spell levels left.
You didn't know any spells.
Your spell library contained the following spells:

 Spells                   Type           Power      Damage    Failure   Level
 Apportation              Tloc           0%         N/A       96%         1
 Necrotize                Necr           0%         1d4       96%         1
 Summon Small Mammal      Summ           0%         N/A       96%         1
 Ensorcelled Hibernation  Hex/Ice        0%         N/A       99%         2
 Passwall                 Tmut/Erth      0%         N/A       99%         2
 Call Canine Familiar     Summ           0%         N/A       100%        3
 Lesser Beckoning         Tloc           0%         N/A       100%        3
 Summon Guardian Golem    Hex/Summ       0%         N/A       100%        3
 Airstrike                Air            0%         N/A       100%        4
 Summon Lightning Spire   Summ/Air       0%         N/A       100%        4
 Lightning Bolt           Conj/Air       0%         1d11      100%        5
 Manifold Assault         Tloc           0%         N/A       100%        5
 Blink                    Tloc           Unusable   N/A       N/A         2
 Swiftness                Air            Unusable   N/A       N/A         3

Dungeon Overview and Level Annotations

Branches:
Dungeon (7/15)             Temple (0/1) D:5

Altars:
Dithmenos
Gozag
Makhleb
Nemelex Xobeh
Xom

Shops:
D:4 =   D:5 ?


Innate Abilities, Weirdness & Mutations

You cannot be hasted, slowed, berserked, paralysed or teleported.
You can dig through walls and to a lower floor.
You have a pair of large antennae on your head. (SInv)
Your four strong arms can wield two-handed weapons with a shield.


Message History

t - Shout!
Orders for allies: a - Attack new target. p - Attack previous target. r - Retreat! s - Stop attacking. g - Guard the area. f - Follow me.
Anything else - Cancel.
Guard this area!
You now have 296 gold pieces (gained 18).
Things that are here:
a +0 shortbow; a +0 war axe; a +0 robe
There is an open door here.
You see here a +2 hand axe.
There is an open door here.
Things that are here:
a +0 shortbow; a +0 war axe; a +0 robe
q - a +0 war axe
There is an open door here.
You see here a +2 hand axe.
As you close the door, it creaks loudly!
t - a +2 hand axe You now have 301 gold pieces (gained 5).
q - a +0 war axe (weapon)
You start resting.
A steam dragon comes into view.
The steam dragon hisses angrily.
The steam dragon barely misses you.
The steam dragon claws you but does no damage.
You closely miss the steam dragon. The steam dragon bites you!
The steam dragon claws you but does no damage.
The steam dragon bites you.
The steam dragon claws you but does no damage.
You hit the steam dragon.
The steam dragon is lightly wounded.
The steam dragon bites you but does no damage.
The steam dragon claws you but does no damage.
You slash the steam dragon!
The steam dragon is severely wounded.
The steam dragon breathes steam at you. The ball of steam hits you!!
You die...
Your body crumbles into a pile of gold.

,,,,,,,,*,,,,,,,,,,*
,,,,,,,,+,,,,,,,,,,*
,,,,,,,,*,,,,,>,,,,*
,,,,,,,,*,,,,,,,,,,*
,,,,,,,**,,,***,,,*###*****
****+****,,,*######..#,*,,*
*,,,,,,,,,,,#......#,,,,,*
*,,,,,,,>,,,#......+,,,,,*
*,,,,,,,,,,,#..@...#,,,,,*
**,**+******###D..#######*
****,****..###...###.{{##
*,,,,,{.........+)....#
*,,,,,,.........#[....#
*,,,,,,.........#.....#
****,,,*########.##....####**##
*,,,,,,##...#######....##...##<
**,,,,,#............$...#......


You could see a steam dragon (catching breath).

Vanquished Creatures
  Grinder (D:3)
  Duvessa (D:4)
  2 ice beasts
  2 black bears
  2 ogres
  2 centaurs (D:6)
  A necrophage (D:6)
  A bullfrog (D:6)
  5 scorpions
  2 wights (D:7)
  A killer bee (D:4)
  2 howler monkeys
  6 hounds
  Crazy Yiuf (D:2)
  An orc priest (D:4)
  Natasha (thrice) (D:2)
  An orc wizard (D:3)
  A mummy (D:5)
  16 gnolls
  7 adders
  3 ufetubi
  A worm (D:2)
  3 dart slugs
  11 orcs
  4 bats
  10 endoplasms
  3 giant cockroaches
  9 hobgoblins
  4 jackals (D:2)
  6 quokkas
  3 ball pythons
  4 frilled lizards
  4 goblins
  A goblin zombie (D:5)
  10 kobolds
  A kobold zombie (D:5)
  4 rats
139 creatures vanquished.

Vanquished Creatures (collateral kills)
  3 howler monkeys (D:7)
3 creatures vanquished.

Vanquished Creatures (others)
  A centaur (D:7)
  A jelly (D:6)
  An orc priest (D:3)
  A gnoll shaman (D:6)
  An orc wizard (D:6)
  A gnoll (D:5)
  8 orcs
14 creatures vanquished.

Grand Total: 156 creatures vanquished

Notes
Turn   | Place    | Note
-------+----------+-------------------------------------------
     0 | D:1      | Illumine the Formicid Artificer began the quest for the
                  | Orb.
     0 | D:1      | Reached XP level 1. HP: 15/15 MP: 1/1
   239 | D:1      | Found a faded altar of an unknown god.
   254 | D:1      | Reached skill level 1 in Axes
   254 | D:1      | Reached XP level 2. HP: 11/21 MP: 2/2
  1474 | D:2      | Reached XP level 3. HP: 27/27 MP: 3/3
  1651 | D:2      | Noticed Natasha
  1661 | D:2      | Killed Natasha
  1662 | D:2      | Reached skill level 2 in Axes
  1662 | D:2      | Reached XP level 4. HP: 18/33 MP: 4/4
  1902 | D:2      | Noticed Natasha
  1913 | D:2      | Killed Natasha
  1914 | D:2      | Reached skill level 3 in Axes
  1977 | D:2      | Found an opulent altar of Gozag.
  1985 | D:2      | Became a worshipper of Gozag Ym Sagoz the Greedy
  2154 | D:2      | Reached XP level 5. HP: 37/39 MP: 5/5
  2497 | D:2      | Noticed Natasha
  2508 | D:2      | Found a runed translucent door.
  2509 | D:2      | Noticed Crazy Yiuf
  2537 | D:2      | Killed Natasha
  3425 | D:3      | Found a shadowy altar of Dithmenos.
  3490 | D:3      | Reached skill level 4 in Axes
  3607 | D:3      | Noticed Grinder
  3613 | D:3      | Reached XP level 6. HP: 47/47 MP: 6/6
  3623 | D:3      | Killed Grinder
  3624 | D:3      | Reached skill level 5 in Axes
  3624 | D:3      | Reached XP level 7. HP: 20/54 MP: 7/7
  3923 | D:4      | Noticed Duvessa
  3923 | D:4      | Noticed Dowan
  4161 | D:5      | Entered Level 5 of the Dungeon
  5016 | D:5      | Reached skill level 6 in Axes
  5028 | D:5      | Reached skill level 5 in Fighting
  5028 | D:5      | Reached XP level 8. HP: 42/62 MP: 8/8
  5352 | D:5      | Found a staircase to the Ecumenical Temple.
  5498 | D:5      | Found a burning altar of Makhleb.
  5894 | D:5      | Found Erauplux's Magic Scroll Emporium.
  5902 | D:5      | Bought a scroll of identify for 20 gold pieces
  5902 | D:5      | Bought a scroll of identify for 20 gold pieces
  5947 | D:5      | Reached skill level 7 in Axes
  6663 | D:6      | HP: 3/64 [acid (9)]
  7257 | D:6      | Reached XP level 9. HP: 52/69 MP: 9/9
  7717 | D:6      | Reached skill level 8 in Axes
  7882 | D:6      | HP: 3/70 [poisoned by a scorpion]
  8488 | D:6      | Found a sparkling altar of Nemelex Xobeh.
  8771 | D:7      | Reached skill level 5 in Armour
  9014 | D:7      | Found a shimmering altar of Xom.
  9172 | D:2      | Killed Crazy Yiuf
 10019 | D:4      | Killed Duvessa
 10057 | D:4      | Noticed Dowan
 10057 | D:4      | Dowan changed into Dowan the killer bee
 10071 | D:4      | Killed Dowan the killer bee
 10768 | D:7      | Noticed a hornet
 10879 | D:7      | Killed from afar by a steam dragon

Illustrated notes

Levels and vault maps discovered:
D:1:      minmay_arrival_split_and_join, layout_loops_ring,
          ebering_ecumenical_altar_ruins
D:2:      layout_basic, basic_altar, nicolae_underground_beach, uniq_natasha,
          uniq_crazy_yiuf_cottage
D:3:      layout_rooms, grunt_dithmenos_smoke, uniq_grinder
D:4:      layout_cave_pools, uniq_duvessa
D:5:      layout_cave_pools, mainiacjoe_overflow_brackets,
          minmay_temple_entry_poolview, nicolae_ossuary_entry_giza,
          serial_shops, shop_fountains, minmay_misc_feat_tower
D:6:      layout_loops_corners, nemelex_spade_bored_becter, lemuel_old_faithful
D:7:      layout_gridville, nicolae_overflows_in_rows, slow_altar_1

Skill      XL: |  1  2  3  4  5  6  7  8  9 |
---------------+----------------------------+-----
Axes           | 1 2 3 4 5 6 7 8 |  8.8
Fighting       | 2 3 4 5 6 7 |  7.4
Armour         | 4 5 |  5.9
Evocations     | 4 |  4.0
Dodging        | |  0.8
Stealth        | |  1.2

Action                   |  1- 3 |  4- 6 |  7- 9 || total
-------------------------+-------+-------+-------++-------
Melee: Hand axe          |    97 |   142 |   502 ||   741
       Punch             |     1 |     1 |     3 ||     5
       War axe           |       |       |     3 ||     3
Invok: Call Merchant     |       |       |     1 ||     1
Evoke: Wand              |     1 |    12 |    27 ||    40
  Use: Scroll            |       |       |    10 ||    10
       Potion            |       |       |     4 ||     4
 Stab: Sleeping          |     1 |       |       ||     1
       Distracted        |       |     1 |     1 ||     2
Armor: Leather armour    |    30 |    33 |    64 ||   127
       Skin              |       |     1 |       ||     1
       Chain mail        |       |       |   207 ||   207
Dodge: Dodged            |    63 |    94 |   250 ||   407

Table legend: (Time is in decaauts)
 A = Elapsed time spent in this place.
 B = Non-inter-level travel time spent in this place.
 C = Inter-level travel time spent in this place.
 D = Time resting spent in this place.
 E = Time spent auto-exploring this place.
 F = Levels seen in this place.
 G = Mean time per level.
                   A        B        C        D        E       F      G
               +--------+--------+--------+--------+--------+-----+--------+
         Total |  10900 |  10455 |    445 |   4721 |   3667 |   7 | 1557.1 |
       Dungeon |  10900 |  10455 |    445 |   4721 |   3667 |   7 | 1557.1 |
               +--------+--------+--------+--------+--------+-----+--------+

Top non-repeatable levels by time:
     D:6: 2724 daAuts
     D:2: 1932 daAuts
     D:3: 1786 daAuts
     D:1: 1452 daAuts
     D:4: 1396 daAuts
     D:5: 1291 daAuts
     D:7: 316 daAuts
